 Dungeon Crawl Stone Soup version 0.22.1-1-ga44c0e56f4 (webtiles) character file.

7060 Debik the Geomancer (level 11, -16/59 HPs)
             Began as a Gargoyle Earth Elementalist on Sept 28, 2018.
             Was a Priest of Vehumet.
             Demolished by a two-headed ogre
             ... wielding a +0 giant club
              (27 damage)
             ... on level 8 of the Dungeon.
             The game lasted 00:25:09 (11236 turns).

Debik the Geomancer (Gargoyle Earth Elementalist)  Turns: 11236, Time: 00:25:10

Health: -16/59     AC: 15    Str: 16    XL:     11   Next: 9%
Magic:  13/23      EV: 13    Int: 18    God:    Vehumet [***...]
Gold:   331        SH:  0    Dex: 10    Spells: 14/27 levels left

rFire    . . .     SeeInvis .   D - staff of wizardry
rCold    . . .     Gourm    .   (no shield)
rNeg     + . .     Faith    .   v - +1 robe
rPois    ∞         Spirit   .   (no helmet)
rElec    +         Reflect  .   j - +2 cloak
rCorr    +         Harm     .   E - +0 pair of gloves {Str+3}
MR       +....                  (no boots)
Stlth    +++.......             (no amulet)
HPRegen  0.19/turn              i - ring of protection from magic
MPRegen  0.18/turn              s - ring of resist corrosion

@: about to teleport
A: negative energy resistance 1, electricity resistance, unbreathing,
petrification resistance, rot immunity, AC +8
a: Renounce Religion


You were on level 8 of the Dungeon.
You worshipped Vehumet.
Vehumet was most pleased with you.
You were not hungry.

You visited 1 branch of the dungeon, and saw 8 of its levels.

You collected 344 gold pieces.
You spent 13 gold pieces at shops.

Inventory:

Missiles
 y - 2 throwing nets (quivered)
Armour
 j - a +2 cloak (worn)
 t - a +0 pair of gloves
 v - a +1 robe (worn)
 E - a +0 pair of gloves of strength (worn)
Magical Staves
 D - an uncursed staff of wizardry (weapon)
Jewellery
 i - a ring of protection from magic (left hand)
 s - a ring of resist corrosion (right hand)
Wands
 b - a wand of paralysis (4)
 r - a wand of acid (5)
 x - a wand of disintegration (8)
Scrolls
 k - a scroll of fog
 o - 3 scrolls of amnesia
 w - 2 scrolls of magic mapping
 C - a scroll of identify
 F - a scroll of enchant armour {unknown}
Potions
 a - 7 potions of heal wounds
 c - a potion of curing
 e - 3 potions of lignification
 f - 3 potions of brilliance {unknown}
 g - a potion of flight
 h - a potion of might {unknown}
 m - a potion of magic {unknown}
 n - a potion of cancellation {unknown}
 p - 2 potions of invisibility {unknown}
 q - a potion of berserk rage {unknown}
 u - 2 potions of mutation {unknown}
 z - a potion of ambrosia {unknown}
 A - a potion of agility {unknown}
Comestibles
 d - 8 rations


   Skills:
 + Level 2.8 Fighting
   Level 2.4 Short Blades
 + Level 0.9 Staves
 + Level 3.6 Dodging
 + Level 5.3 Stealth
 + Level 2.4 Unarmed Combat
 + Level 8.9 Spellcasting
 + Level 6.3 Conjurations
 + Level 1.1 Transmutations
 + Level 0.9 Ice Magic
 + Level 11.7 Earth Magic
 + Level 1.0 Evocations


You had 14 spell levels left.
You knew the following spells:

 Your Spells              Type           Power        Failure   Level  Hunger
a - Sandblast             Erth           ######       1%          1    None
b - Ice Form              Ice/Tmut       ##......     22%         4    ###....
d - Lee's Rapid Deconstr  Erth           ######....   1%          5    #####..
e - Stone Arrow           Conj/Erth      #####.       1%          3    None

Your spell library contained the following spells:

 Spells                   Type           Power        Failure   Level  Hunger
 Conjure Flame            Conj/Fire      ###.....     1%          3    None
 Passwall                 Tmut/Erth      ####....     1%          2    None
 Beastly Appendage        Tmut           ##....       2%          1    None
 Petrify                  Tmut/Erth      ####....     2%          4    ###....
 Animate Skeleton         Necr           N/A          3%          1    None
 Apportation              Tloc           #.....       3%          1    None
 Confusing Touch          Hex            #.....       3%          1    None
 Summon Small Mammal      Summ           #...         3%          1    None
 Sticks to Snakes         Tmut           ##......     3%          2    None
 Spider Form              Tmut/Pois      ##........   9%          3    None
 Blade Hands              Tmut           ##........   50%         5    #####..


Dungeon Overview and Level Annotations

Branches:
Dungeon (8/15)             Temple (0/1) D:7
   Lair: D:8-11

Altars:
Cheibriados
Dithmenos
Fedhas
Hepliaklqana
Okawaru
Trog
Uskayaw
Vehumet
Zin
The Shining One

Shops:
D:4 (   D:7 %   D:8 :

Annotations:
D:8 Erica


Innate Abilities, Weirdness & Mutations

You are resistant to torment.
Your stone body is resilient. (AC +8)
You are immune to poison.
You resist negative energy. (rN+)
You are resistant to electric shocks. (rElec)
You can survive without breathing.
You are immune to petrification.
You are immune to rotting.


Message History

You barely miss the killer bee.
The killer bee is almost dead.
The killer bee closely misses you. The killer bee stings you.
You closely miss the killer bee.
The killer bee is almost dead.
The killer bee closely misses you. The killer bee stings you.
You closely miss the killer bee.
The killer bee is almost dead.
The killer bee stings you. The killer bee closely misses you.
As you read the scroll of teleportation, it crumbles to dust.
You feel strangely unstable.
The killer bee stings you but does no damage.
The killer bee stings you.
The killer bee stings you but does no damage.
The two-headed ogre closely misses you. x2
The killer bee stings you!
* * * LOW HITPOINT WARNING * * *
The killer bee stings you but does no damage.
The two-headed ogre hits you with a giant club!!
You die...

.##.## ##..>## #.# ###
.##..# #...#######)###
..#..# #.........))[.#
.#...## #...########.)#
###...###...########.<##
.#....#≈≈≈≈)≈≈≈≈))≈≈≈≈≈#
#.....≈#######..)######≈#
......≈#.....'.Oy#....#≈#
#.....≈#.....#..@#.#..# #
#.....≈#.##..#...###..#
......≈#[.#..#........#
.....#≈####..#........# #
#..###≈......########.#≈#
#..# #≈......≈≈≈#......≈#
#..# #≈####..≈8≈#......≈#
#..###≈#.....≈≈≈#'#####≈#
......≈#.#............#≈#


You could see a two-headed ogre and a killer bee.

Vanquished Creatures
  A two-headed ogre (D:8)
  An unseen horror (D:8)
  Grinder (D:5)
  A queen bee (D:8)
  3 hippogriffs
  Sigmund (D:6)
  A wraith (D:8)
  2 wyverns
  2 hungry ghosts (D:7)
  Menkaure (D:6)
  Edmund (D:5)
  A water moccasin (D:7)
  Duvessa (D:4)
  2 ice beasts
  A sky beast (D:6)
  A black bear (D:6)
  An orc warrior (D:8)
  8 ogres
  A centaur (D:6)
  A big kobold (D:8)
  Blork the orc (D:5)
  6 bullfrogs
  Dowan (D:4)
  4 scorpions
  8 killer bees (D:8)
  5 wights
  A jelly (D:8)
  4 howler monkeys
  A crimson imp (D:6)
  A bullfrog zombie (D:6)
  2 quasits (D:8)
  A bullfrog skeleton (D:8)
  4 hounds
  3 orc wizards
  An iguana (D:7)
  Ijyb (D:4)
  11 worker ants
  A worker ant zombie (D:8)
  6 gnolls
  12 adders
  A howler monkey skeleton (D:4)
  A howler monkey zombie (D:7)
  2 shadow imps
  An ooze (D:3)
  3 worms
  8 leopard geckos
  10 orcs
  4 ball pythons
  11 bats
  2 giant cockroaches
  16 goblins
  12 hobgoblins
  18 jackals
  3 quokkas
  7 frilled lizards
  A jackal skeleton (D:4)
  10 kobolds
  8 rats
224 creatures vanquished.

Notes
Turn   | Place    | Note
-------+----------+-------------------------------------------
     0 | D:1      | Debik the Gargoyle Earth Elementalist began the quest for
                  | the Orb.
     0 | D:1      | Reached XP level 1. HP: 10/10 MP: 3/3
   186 | D:1      | Reached XP level 2. HP: 11/15 MP: 1/5
   256 | D:1      | Reached skill level 4 in Earth Magic
   540 | D:1      | Reached XP level 3. HP: 19/19 MP: 4/6
   545 | D:1      | Learned a level 3 spell: Stone Arrow
  1214 | D:2      | Reached XP level 4. HP: 23/24 MP: 3/7
  1301 | D:2      | Reached skill level 5 in Earth Magic
  2331 | D:2      | Reached XP level 5. HP: 20/28 MP: 2/9
  2338 | D:2      | Learned a level 5 spell: Lee's Rapid Deconstruction
  2690 | D:3      | Noticed an ogre
  2693 | D:3      | Killed an ogre
  2693 | D:3      | Reached skill level 1 in Conjurations
  2957 | D:3      | Reached XP level 6. HP: 32/32 MP: 6/11
  3171 | D:3      | Reached skill level 1 in Unarmed Combat
  3369 | D:3      | Found a shadowy altar of Dithmenos.
  3369 | D:3      | Found a blossoming altar of Fedhas.
  3382 | D:3      | Found a bloodstained altar of Trog.
  3382 | D:3      | Found a hide-covered altar of Uskayaw.
  3383 | D:3      | Found an iron altar of Okawaru.
  3383 | D:3      | Found a hazy altar of Hepliaklqana.
  3384 | D:3      | Found a glowing silver altar of Zin.
  3386 | D:3      | Found a snail-covered altar of Cheibriados.
  3387 | D:3      | Found a radiant altar of Vehumet.
  3390 | D:3      | Became a worshipper of Vehumet
  3690 | D:4      | Reached skill level 6 in Earth Magic
  3812 | D:4      | Got a faintly humming chain mail
  3823 | D:4      | Identified the +6 chain mail of Lucidity {rPois Str+2} (You
                  | found it on level 4 of the Dungeon)
  3859 | D:4      | Found Kurroff's Weapon Boutique.
  3867 | D:4      | Bought 12 stones for 13 gold pieces
  3998 | D:4      | Reached XP level 7. HP: 37/37 MP: 5/12
  5133 | D:4      | Noticed Duvessa
  5137 | D:4      | Noticed Dowan
  5338 | D:4      | Noticed Ijyb
  5345 | D:4      | Killed Ijyb
  5527 | D:4      | Killed Duvessa
  5603 | D:4      | Reached * piety under Vehumet
  5603 | D:4      | Offered knowledge of Magic Dart by Vehumet.
  5657 | D:4      | Reached skill level 7 in Earth Magic
  5657 | D:4      | Reached XP level 8. HP: 39/42 MP: 3/14
  5938 | D:4      | Killed Dowan
  6049 | D:5      | Entered Level 5 of the Dungeon
  6052 | D:5      | Noticed Blork the orc
  6058 | D:5      | Killed Blork the orc
  6114 | D:5      | Reached skill level 1 in Fighting
  6121 | D:5      | Noticed Edmund
  6126 | D:5      | Killed Edmund
  6253 | D:5      | Reached skill level 5 in Spellcasting
  6253 | D:5      | Reached skill level 1 in Evocations
  6314 | D:5      | Reached skill level 8 in Earth Magic
  6397 | D:5      | Noticed Grinder
  6567 | D:5      | Killed Grinder
  6567 | D:5      | Reached skill level 1 in Short Blades
  6640 | D:5      | Found a glowing golden altar of the Shining One.
  6976 | D:6      | Reached XP level 9. HP: 47/47 MP: 12/17
  7102 | D:6      | Noticed Sigmund
  7109 | D:6      | Killed Sigmund
  7109 | D:6      | Reached skill level 9 in Earth Magic
  7436 | D:6      | Reached skill level 5 in Conjurations
  8072 | D:6      | Noticed Menkaure
  8077 | D:6      | Killed Menkaure
  8610 | D:7      | Found Naka's Food Boutique.
  8680 | D:7      | Reached ** piety under Vehumet
  8683 | D:7      | Offered knowledge of Flame Tongue by Vehumet.
  8683 | D:7      | Reached skill level 5 in Stealth
  8739 | D:7      | Reached skill level 10 in Earth Magic
  8739 | D:7      | Reached XP level 10. HP: 53/53 MP: 3/20
  8937 | D:7      | Found a staircase to the Ecumenical Temple.
  9210 | D:7      | Learned a level 4 spell: Ice Form
  9238 | D:8      | Noticed a two-headed ogre
  9785 | D:8      | Reached skill level 11 in Earth Magic
 10110 | D:8      | Offered knowledge of Conjure Flame by Vehumet.
 10731 | D:8      | Noticed a two-headed ogre
 10774 | D:8      | Found Fothrenk's Book Emporium.
 10807 | D:8      | Killed a two-headed ogre
 10807 | D:8      | Reached skill level 1 in Transmutations
 11060 | D:8      | Killed an unseen horror
 11060 | D:8      | Reached *** piety under Vehumet
 11060 | D:8      | Reached XP level 11. HP: 48/59 MP: 19/23
 11143 | D:8      | Noticed Erica
 11236 | D:8      | Demolished by a two-headed ogre

Skill      XL: |  1  2  3  4  5  6  7  8  9 10 |
---------------+-------------------------------+-----
Earth Magic    | 4 5 6 7 8 10 11 | 11.7
Spellcasting   | 3 4 5 7 8 |  8.9
Dodging        | 2 3 |  3.6
Conjurations   | 1 2 3 4 5 6 |  6.3
Unarmed Combat | 1 2 |  2.4
Stealth        | 3 4 5 |  5.3
Fighting       | 1 2 |  2.8
Evocations     | 1 |  1.0
Short Blades   | 1 2 |  2.4
Transmutations | 1 |  1.1
Staves         | |  0.9
Ice Magic      | |  0.9

Action                   |  1- 3 |  4- 6 |  7- 9 | 10-12 || total
-------------------------+-------+-------+-------+-------++-------
Melee: Unarmed           |    21 |    55 |    19 |    24 ||   119
       Punch             |       |     1 |     1 |       ||     2
       Short sword       |       |       |    81 |       ||    81
       Staff             |       |       |       |     9 ||     9
 Cast: Sandblast         |    37 |    42 |    36 |    41 ||   156
       Stone Arrow       |     2 |    38 |   108 |    29 ||   177
       Lee's Rapid Decon |       |       |     1 |    23 ||    24
       Ice Form          |       |       |       |     4 ||     4
Evoke: Wand              |       |     5 |     5 |       ||    10
  Use: Scroll            |       |    11 |     4 |     4 ||    19
 Stab: Sleeping          |       |     1 |     1 |       ||     2
       Paralysed         |       |    11 |       |       ||    11
  Eat: Chunk             |     2 |    12 |    13 |     3 ||    30
       Ration            |       |       |     4 |     4 ||     8
Armor: Robe              |    12 |    19 |    81 |    23 ||   135
       Skin              |       |       |       |     9 ||     9
Dodge: Dodged            |    31 |    51 |   106 |    62 ||   250
